 Dungeon Crawl Stone Soup version 0.25-a0-558-g78a2afb0af (webtiles) character file.

Game seed: 816527279749932274, levelgen mode: deterministic

653191 daodarkstar the Executioner (level 27, -3/177 HPs)
             Began as a Gargoyle Fighter on Feb 24, 2020.
             Was the Champion of Okawaru.
             Killed by divine providence
             ... invoked by a mummy priest
              (8 damage)
             ... on level 2 of the Tomb of the Ancients on Feb 25, 2020.
             The game lasted 03:01:37 (64984 turns).

daodarkstar the Executioner (Gargoyle Fighter)     Turns: 64984, Time: 03:01:38

Health: -3/177     AC: 57    Str: 34 (38) XL:     27
Magic:  0/36       EV: 18    Int: 10 (12) God:    Okawaru [******]
Gold:   7898       SH: 26    Dex: 17 (18) Spells: 44/44 levels left

rFire    . . .     SeeInvis +   y - +9 broad axe (elec)
rCold    + . .     Gourm    .   A - +1 tower shield {AC+3}
rNeg     + + +     Faith    .   i - +4 plate armour "Paipn" {Str+4}
rPois    ∞         Spirit   +   e - +2 hat {SInv}
rElec    +         Reflect  .   C - +0 cloak of Xidghynu {rC+ MR++ Dex+2}
rCorr    +         Harm     .   u - +2 pair of gloves {Dex+3}
MR       +++++     Rnd*Rage +   z - +1 pair of boots of the Iron Devil {MR+ rCorr} Stlth ..........Rnd*Tele +
                                G - amulet "Fiexofouva" {Spirit Str+8}
HPRegen  0.39/turn              c - ring of positive energy
MPRegen  0.25/turn              t - ring of positive energy

@: marked, berserk cooldown, contaminated, slowed, glowing, studying
Spellcasting, very slow
A: big wings, horns 2, berserk 1, clumsy 1, negative energy resistance 1,
electricity resistance, strong 1, teleportitis 1, unbreathing, petrification
resistance, rot immunity, AC +20
}: 4/15 runes: barnacled, slimy, silver, gossamer
a: Fly, Heroism, Finesse, Renounce Religion


You were on level 2 of the Tomb of the Ancients.
You worshipped Okawaru.
Okawaru was exalted by your worship.
You were not hungry.

You visited 12 branches of the dungeon, and saw 55 of its levels.
You also visited: Ice Cave and Wizlab.

You collected 8286 gold pieces.
You spent 388 gold pieces at shops.

Inventory:

Hand Weapons
 y - a +9 broad axe of electrocution (weapon)
 D - the +9 staff of Wucad Mu {channel}
   (You found it in a wizard's laboratory)
 P - a +4 eveningstar of holy wrath
Armour
 d - a +2 pair of boots of running
 e - a +2 hat of see invisible (worn)
 i - the +4 plate armour "Paipn" (worn) {Str+4}
   (Okawaru gifted it to you on level 2 of the Orcish Mines)

   It affects your strength (+4).
   If you remove this armour, your AC will decrease by 23 (57 -> 34).
 u - a +2 pair of gloves of dexterity (worn)
 z - the +1 pair of boots of the Iron Devil (worn) {MR+ rCorr}
   (Okawaru gifted it to you on level 1 of the Vaults)

   It affects your resistance to hostile enchantments.
   It provides partial protection from all sources of acid and corrosion.
   If you remove this armour, your AC will decrease by 3 (57 -> 54).
 A - a +1 tower shield of protection (worn)
 B - +1 gold dragon scales
 C - the +0 cloak of Xidghynu (worn) {rC+ MR++ Dex+2}
   (Okawaru gifted it to you on level 3 of the Spider Nest)

   It affects your dexterity (+2).
   It protects you from cold.
   It affects your resistance to hostile enchantments.
   If you remove this armour, your AC will decrease by 2 (57 -> 55).
Jewellery
 c - a ring of positive energy (left hand)
 m - the ring "Ytusaifi" {rPois rC++ Str+2 Int+3}
   (You found it on level 2 of the Depths)

   [ring of intelligence]

   It affects your strength (+2).
   It affects your intelligence (+3).
   It greatly protects you from cold.
   It protects you from poison.
 o - the ring "Ihuefucu" {Str+7 Slay+2 SInv Stlth+}
   (You took it off a deep elf archer on level 3 of the Elven Halls)

   [ring of stealth]

   It affects your strength (+7).
   It affects your accuracy and damage with ranged weapons and melee attacks
   (+2).
   It lets you see invisible.
   It makes you more stealthy.
 r - the ring "Forghyph" {+Inv +Fly rElec rN++ Str-3}
   (You found it on level 2 of the Depths)

   [ring of flight]

   It affects your strength (-3).
   It insulates you from electricity.
   It greatly protects you from negative energy.
   It lets you turn invisible.
   It lets you fly.
 t - a ring of positive energy (right hand)
 G - the amulet "Fiexofouva" (around neck) {Spirit Str+8}
   (You found it on level 10 of the Dungeon)

   [amulet of guardian spirit]

   It causes incoming damage to be split between your health and magic.
   It affects your strength (+8).
 K - the ring "Qatogips" {Wiz rF+++}
   (You acquired it on level 6 of the Lair of Beasts)

   [ring of wizardry]

   It improves your spell success rate.
   It renders you almost immune to fire.
 X - the ring "Xughirr" {rC+ MR+ Str+4 Stlth+}
   (You found it on level 5 of the Lair of Beasts)

   [ring of strength]

   It affects your strength (+4).
   It protects you from cold.
   It affects your resistance to hostile enchantments.
   It makes you more stealthy.
Wands
 g - a wand of paralysis (65)
 l - a wand of polymorph (33)
 n - a wand of digging (19)
 w - a wand of acid (45)
 H - a wand of disintegration (41)
 J - a wand of clouds (25)
 N - a wand of enslavement (83)
 T - a wand of iceblast (55)
Scrolls
 b - 13 scrolls of identify
 k - 4 scrolls of teleportation
 s - 7 scrolls of magic mapping
 L - 3 scrolls of remove curse
 O - 3 scrolls of fear
 W - a scroll of fog
Potions
 j - 5 potions of cancellation
 p - 5 potions of invisibility
 q - 4 potions of might
 x - 5 potions of magic
 E - 2 potions of berserk rage
 M - 6 potions of haste
 S - a potion of mutation
 U - 2 potions of curing
 Z - 6 potions of ambrosia
Books
 I - a manual of Spellcasting
Miscellaneous
 a - 3 phantom mirrors
 v - 2 boxes of beasts
 F - 4 sacks of spiders
 Q - a phial of floods
 Y - a lamp of fire
Comestibles
 f - 75 rations


   Skills:
 + Level 19.6 Fighting
 * Level 22.5 Axes
 + Level 19.5 Armour
 + Level 14.9 Dodging
 + Level 19.5 Shields
 + Level 9.4 Spellcasting
 + Level 18.6 Invocations
 + Level 15.9 Evocations


You had 44 spell levels left.
You didn't know any spells.
Your spell library contained the following spells:

 Spells                   Type           Power        Failure   Level  Hunger
 Animate Skeleton         Necr           N/A          71%         1    None
 Corona                   Hex            #......      71%         1    None
 Foxfire                  Conj/Fire      #...         71%         1    None
 Freeze                   Ice            #...         71%         1    None
 Infusion                 Chrm           #...         71%         1    None
 Magic Dart               Conj           #...         71%         1    None
 Pain                     Necr           #...         71%         1    None
 Sandblast                Erth           #.....       71%         1    None
 Summon Butterflies       Summ           #.......     71%         1    None
 Summon Small Mammal      Summ           #...         71%         1    None
 Blink                    Tloc           N/A          85%         2    #......
 Call Imp                 Summ           #.......     85%         2    #......
 Corpse Rot               Necr/Air       N/A          85%         2    #......
 Ensorcelled Hibernation  Hex/Ice        #.....       85%         2    #......
 Passwall                 Tmut/Erth      #.......     85%         2    #......
 Poisonous Vapours        Pois/Air       #.....       85%         2    #......
 Searing Ray              Conj           #.....       85%         2    #......
 Shroud of Golubria       Chrm/Tloc      #.....       85%         2    #......
 Slow                     Hex            #.......     85%         2    #......
 Song of Slaying          Chrm           #.......     85%         2    #......
 Swiftness                Chrm/Air       #.......     85%         2    #......
 Call Canine Familiar     Summ           #.......     97%         3    ##.....
 Confusing Touch          Hex            #.......     97%         3    ##.....
 Conjure Flame            Conj/Fire      #.......     97%         3    ##.....
 Dazzling Flash           Conj/Hex       #.....       97%         3    ##.....
 Frozen Ramparts          Ice            #.....       97%         3    ##.....
 Gell's Gravitas          Tloc           #.........   97%         3    ##.....
 Ignite Poison            Fire/Tmut/Pois #.......     97%         3    ##.....
 Inner Flame              Hex/Fire       #.......     97%         3    ##.....
 Lesser Beckoning         Tloc           #.........   97%         3    ##.....
 Mephitic Cloud           Conj/Pois/Air  #.......     97%         3    ##.....
 Ozocubu's Armour         Chrm/Ice       #.......     97%         3    ##.....
 Portal Projectile        Hex/Tloc       #.....       97%         3    ##.....
 Recall                   Summ/Tloc      N/A          97%         3    ##.....
 Spectral Weapon          Hex/Chrm       #.......     97%         3    ##.....
 Stone Arrow              Conj/Erth      #.....       97%         3    ##.....
 Summon Guardian Golem    Hex/Summ       #.......     97%         3    ##.....
 Teleport Other           Tloc           #.......     97%         3    ##.....
 Vampiric Draining        Necr           #.........   97%         3    ##.....
 Animate Dead             Necr           N/A          100%        4    ####...
 Cause Fear               Hex            #.........   100%        4    ####...
 Dispel Undead            Necr           #.......     100%        4    ####...
 Fulminant Prism          Conj/Hex       #.........   100%        4    ####...
 Hailstorm                Conj/Ice       #.......     100%        4    ####...
 Iskenderun's Mystic Bla  Conj/Tloc      #.......     100%        4    ####...
 Leda's Liquefaction      Hex/Erth       #.........   100%        4    ####...
 Passage of Golubria      Tloc           N/A          100%        4    ####...
 Petrify                  Tmut/Erth      #.......     100%        4    ####...
 Summon Ice Beast         Ice/Summ       #.......     100%        4    ####...
 Summon Lightning Spire   Summ/Air       #.......     100%        4    ####...
 Agony                    Necr           #.......     100%        5    ######.
 Aura of Abjuration       Summ           #.........   100%        5    ######.
 Bolt of Magma            Conj/Fire/Erth #.........   100%        5    ######.
 Borgnjor's Vile Clutch   Necr/Erth      #.........   100%        5    ######.
 Excruciating Wounds      Chrm/Necr      #.........   100%        5    ######.
 Fireball                 Conj/Fire      #.........   100%        5    ######.
 Iskenderun's Battlesphe  Conj/Chrm      #.......     100%        5    ######.
 Lee's Rapid Deconstruct  Erth           #.........   100%        5    ######.
 Metabolic Englaciation   Hex/Ice        #.........   100%        5    ######.
 Silence                  Hex/Air        #.........   100%        5    ######.
 Summon Demon             Summ           #.........   100%        5    ######.
 Summon Forest            Summ/Tloc      #.........   100%        5    ######.
 Summon Mana Viper        Hex/Summ       #.......     100%        5    ######.
 Yara's Violent Unravell  Hex/Tmut       #.........   100%        5    ######.
 Darkness                 Hex            #.........   100%        6    #######
 Death Channel            Necr           #.........   100%        6    #######
 Deflect Missiles         Chrm/Air       #.........   100%        6    #######
 Freezing Cloud           Conj/Ice/Air   #.........   100%        6    #######
 Invisibility             Hex            #.......     100%        6    #######
 Iron Shot                Conj/Erth      #.........   100%        6    #######
 Shadow Creatures         Summ           N/A          100%        6    #######
 Starburst                Conj/Fire      #.........   100%        6    #######
 Dragon Form              Tmut           #.........   100%        7    #######
 Orb of Destruction       Conj           #.........   100%        7    #######
 Ring of Flames           Chrm/Fire      #.........   100%        7    #######
 Spellforged Servitor     Conj/Summ      #.........   100%        7    #######
 Summon Hydra             Summ           #.........   100%        7    #######
 Discord                  Hex            #.........   100%        8    #######
 Ignition                 Fire           #.........   100%        8    #######
 Dragon's Call            Summ           #.........   100%        9    #######
 Shatter                  Erth           #.........   100%        9    #######
 Sublimation of Blood     Necr           Unusable     N/A         2    N/A
 Statue Form              Tmut/Erth      Unusable     N/A         6    N/A

Dungeon Overview and Level Annotations

Branches:
Dungeon (15/15)            Temple (1/1) D:7            Lair (6/6) D:8
 Shoals (4/4) Lair:4       Spider (4/4) Lair:2        Slime (5/5) Lair:6
    Orc (2/2) D:10            Elf (3/3) Orc:2        Vaults (5/5) D:13
  Crypt (3/3) Vaults:2       Tomb (2/3) Crypt:3      Depths (5/5) D:15
    Zot (0/5) Depths:5      IceCv (visited)          WizLab (visited)

Altars:
Ashenzari
Cheibriados
Dithmenos
Elyvilon
Fedhas
Gozag
Hepliaklqana
Kikubaaqudgha
Makhleb
Nemelex Xobeh
Okawaru
Qazlal
Ru
Sif Muna
Trog
Uskayaw
Vehumet
Wu Jian
Xom
Yredelemnul
Zin
The Shining One
Beogh
Jiyva

Shops:
Orc:2 :}[[   Elf:2 [   Vaults:1 %[   Vaults:2 %   Vaults:3 [   Depths:1 *
Depths:3 =}=

Portals:
Hell: Depths:1 Depths:2 Depths:3 Depths:4 Depths:5
Abyss: Depths:3 Depths:4 Depths:5
Pandemonium: Depths:2 Depths:3 Depths:5
Ziggurat: Depths:4

Annotations:
Lair:6 exclusion: 3 oklob plants
Shoals:1 3 runed translucent doors, Ditekul's ghost, adept GrFi
Tomb:2 Mara


Innate Abilities, Weirdness & Mutations

You are resistant to torment.
Your stone body is resilient. (AC +20)
You are immune to poison.
Your large and strong wings let you fly indefinitely.
You resist negative energy. (rN+)
You are resistant to electric shocks. (rElec)
You can survive without breathing.
You are immune to petrification.
You are immune to rotting.
You have a pair of horns on your head.
You tend to lose your temper in combat.
You are clumsy. (Dex -2)
Your muscles are strong. (Str +2)
You are occasionally teleported next to monsters.


Message History

You speak a Word of immense power!
The death scarab convulses!
You destroy the death scarab!
The death scarab's corpse disappears in a puff of smoke!
The skeletal warrior convulses!
The mummy priest convulses!
The ancient champion convulses!
The skeletal warrior is lost in a daze.
The ancient champion is lost in a daze.
The mummy priest mumbles some strange prayers to its god.
You see a puff of smoke.
You block the skeletal warrior's attack.
Daodarkstar's illusion hits you!
* * * LOW HITPOINT WARNING * * *
The ancient champion enters a dispersal trap!
The mummy priest blinks!
The jiangshi blinks!
The mummy priest blinks!
Mara blinks!
Daodarkstar's illusion blinks!
The skeletal warrior blinks!
Mara blinks!
The skeletal warrior blinks!
The power of Zot is invoked against you!
Something reaches out for you...
The mummy priest calls down the wrath of its god upon you.
Something smites you!
You die...

########### #######
...#.....^. #.§...#
.§R#....... #...@R#
.z)'M^..... #.3§§.#
.§.#^...... #§..§z#
§..#^...... #M.@..#
####'#########z...#
.....b.s.....##§###
......<##....#.z.§#
....z..####..#.§§§#
.........##..#..§§#


You could see Mara, an ancient champion (dazed), a mummy priest (dazed), a
skeletal warrior (dazed), a soul eater and daodarkstar's illusion.

Vanquished Creatures
  the Royal Jelly (Slime:5)
  An ancient lich (Vaults:5)
  Mennas (Vaults:2)
  7 greater mummies
  A juggernaut (Depths:3)
  Sojobo (Depths:2)
  Boris (thrice) (Vaults:3 Depths:4 Depths:5)
  Bai Suzhen (Depths:3)
  Margery (Vaults:3)
  A caustic shrike (shapeshifter) (Vaults:5)
  2 golden dragons (Vaults:5)
  Jory (Vaults:3)
  Nikola (Shoals:1)
  3 bone dragons
  Arachne (Spider:4)
  4 liches
  A tentacled monstrosity (Vaults:4)
  A quicksilver dragon (Depths:2)
  Rupert (D:15)
  2 deep elf blademasters (Elf:3)
  Asterion (Depths:3)
  2 deep elf master archers (Elf:3)
  6 titans
  22 acid blobs
  9 sphinxes
  4 ancient champions
  Kirke (Lair:4)
  8 shadow dragons
  15 tengu reavers
  9 azure jellies
  2 storm dragons
  An azure jelly (shapeshifter) (Elf:1)
  7 deep elf sorcerers
  9 fire giants
  3 revenants
  A ghost moth (Spider:3)
  18 frost giants
  3 orc warlords
  4 emperor scorpions
  A draconian scorcher (Depths:5)
  2 curse skulls
  12 vault wardens
  Aizul (Depths:3)
  A juggernaut zombie (Crypt:2)
  3 war gargoyles (Vaults:5)
  An iron dragon (Vaults:5)
  3 deep elf elementalists
  A draconian annihilator (Depths:5)
  4 ghouls (Crypt:3)
  5 spriggan defenders
  20 ironheart preservers
  3 entropy weavers
  23 stone giants
  9 vampire knights
  10 bennus (Tomb:2)
  18 very ugly things
  2 deep elf demonologists (Elf:3)
  A green draconian (Depths:5)
  10 deep elf annihilators
  2 yellow draconians (Depths:5)
  A white draconian (Depths:5)
  An orange crystal statue (WizLab)
  14 spark wasps
  5 merfolk javelineers
  2 crystal guardians (Vaults:4)
  9 merfolk impalers
  12 deep elf death magi
  3 eidola
  21 ettins
  13 fire dragons
  10 death oozes
  8 deep elf high priests
  6 jiangshi
  16 great orbs of eyes
  36 vault guards
  4 rakshasas
  Josephine (Lair:6)
  18 mummy priests
  16 yaktaur captains
  20 ogre magi
  14 ice dragons
  9 hydras
  An anaconda (Lair:6)
  An alligator snapping turtle (Shoals:4)
  3 catoblepae (Lair:5)
  3 merfolk avatars
  11 deep troll shamans
  9 spriggan air magi
  Erica (Orc:1)
  24 centaur warriors
  64 two-headed ogres
  6 merfolk aquamancers
  8 death knights
  13 death scarabs
  26 dancing weapons
  3 satyrs (Shoals:4)
  A death yak (Lair:6)
  3 tengu warriors
  9 vampire magi
  Urug (D:13)
  3 orc high priests
  8 spriggan berserkers
  7 deep troll earth magi
  A shock serpent (shapeshifter) (Vaults:5)
  19 deep elf knights
  3 soul eaters
  2 iron trolls (Depths:2)
  Sonja (Orc:1)
  14 shadow wraiths
  A fire crab (Lair:6)
  7 hell knights
  An unseen horror (shapeshifter) (Depths:3)
  26 skeletal warriors
  26 deep trolls
  4 sea snakes
  4 glowing orange brains
  6 wizards
  7 flayed ghosts
  5 unseen horrors
  18 phantasmal warriors
  19 deep elf archers
  5 necromancers
  21 harpies
  A sphinx zombie (Crypt:1)
  23 ironbrand convokers
  An orb spider (shapeshifter) (Vaults:1)
  5 orc sorcerers
  68 deep elf magi
  An oklob plant (D:9)
  A small abomination (Vaults:4)
  20 orb spiders
  71 ugly things
  6 cyclopes
  15 orc knights
  14 manticores
  A spectral shock serpent (Crypt:3)
  8 fauns
  31 wolf spiders
  4 shining eyes
  2 moths of wrath
  A centaur zombie (D:10)
  A frost giant skeleton (Tomb:1)
  Joseph (D:7)
  2 ice statues (IceCv)
  Maurice (D:8)
  8 black mambas
  An elephant (shapeshifter) (Vaults:5)
  8 merfolk sirens
  2 eyes of devastation
  8 water nymphs
  2 torpor snails
  13 spiny frogs
  3 molten gargoyles (Lair:6)
  2 fire giant skeletons
  A shock serpent skeleton (Crypt:3)
  An alligator snapping turtle zombie (Crypt:1)
  15 vault sentinels
  2 gargoyles
  A komodo dragon (shapeshifter) (Depths:4)
  A yaktaur (shapeshifter) (Depths:1)
  28 yaktaurs
  11 komodo dragons
  7 freezing wraiths
  5 rime drakes
  7 demonic crawlers
  A tyrant leech (Lair:5)
  A minotaur skeleton (Crypt:3)
  A sea snake skeleton (Crypt:2)
  3 tengu conjurers
  15 hornets
  A meliai (shapeshifter) (Depths:5)
  A pale draconian skeleton (Crypt:1)
  22 guardian mummies
  A queen bee (Spider:2)
  8 trolls
  7 wind drakes
  A polar bear (shapeshifter) (Vaults:4)
  6 meliai
  34 jumping spiders
  28 merfolk
  A bog body (Crypt:3)
  18 polar bears
  A hornet (shapeshifter) (Depths:1)
  A death drake skeleton (Crypt:2)
  8 snapping turtles
  104 slime creatures
  2 dream sheep (shapeshifter) (Vaults:5)
  A shadow dragon simulacrum (Vaults:3)
  16 dream sheep
  2 meliai zombies
  20 hippogriffs
  8 blink frogs
  A guardian serpent skeleton (Crypt:3)
  71 redbacks
  7 spriggans
  A tarantella (shapeshifter) (Depths:3)
  8 shadows
  6 wyverns
  30 flying skulls
  3 redbacks (shapeshifter)
  2 centaur simulacra
  An ettin skeleton (Crypt:3)
  A satyr skeleton (Crypt:2)
  4 air elementals
  11 ushabtiu
  Sigmund (D:6)
  26 tarantellas
  17 water elementals
  40 yaks
  3 hogs (Lair:4)
  A vampire (D:9)
  A fire bat (shapeshifter) (Vaults:1)
  16 humans (D:13)
  8 golden eyes (Slime:2)
  A yak (shapeshifter) (Depths:3)
  7 basilisks
  6 fire elementals
  4 steam dragons
  18 wraiths
  7 hungry ghosts
  A vampire mosquito (D:12)
  A swamp worm (shapeshifter) (Depths:5)
  5 wargs
  3 swamp worms (Lair:5)
  4 hell hounds (Lair:6)
  Menkaure (D:6)
  8 acid dragons
  15 water moccasins
  A two-headed ogre skeleton (Crypt:1)
  7 ice beasts
  4 floating eyes (Depths:2)
  3 porcupines
  55 orc warriors
  2 phantoms
  An ice beast (shapeshifter) (Vaults:3)
  A blink frog zombie (Crypt:2)
  A dream sheep zombie (Crypt:2)
  A necrophage (Crypt:3)
  A tengu (shapeshifter) (Vaults:5)
  3 eyes of draining
  63 ogres
  14 wolves
  21 boggarts
  31 centaurs
  11 crocodiles
  2 big kobolds
  2 rime drake skeletons
  18 bullfrogs
  3 gnoll sergeants (D:9)
  A wyvern zombie (Crypt:1)
  5 scorpions
  A wyvern skeleton (D:9)
  A raiju skeleton (Crypt:2)
  31 killer bees
  9 wights
  2 bullfrog zombies
  An electric eel (D:10)
  5 howler monkeys
  3 crimson imps
  A wolf skeleton (Crypt:3)
  2 quasits (D:9)
  5 lava snakes (Lair:6)
  33 orc priests
  A soldier ant zombie (Crypt:3)
  2 gnoll shamans (D:9)
  14 jellies
  7 hounds
  38 orc wizards
  4 bullfrog skeletons
  8 centaur skeletons
  5 iguanas
  10 worker ants
  A killer bee zombie (D:9)
  A demigod zombie (Crypt:1)
  A felid zombie (Crypt:2)
  An acid dragon skeleton (Crypt:3)
  2 naga skeletons
  A hound zombie (D:5)
  2 hound skeletons
  35 mummies
  2 worker ant zombies
  23 gnolls
  17 adders
  2 shadow imps
  A swamp drake skeleton (Crypt:2)
  6 oozes
  An iguana skeleton (Crypt:2)
  A worm zombie (Crypt:3)
  3 adder skeletons
  3 worms
  2 dart slugs
  5 leopard geckos
  135 orcs
  3 ball pythons
  7 giant cockroaches
  10 goblins
  4 hobgoblins
  7 jackals
  A jackal (shapeshifter) (Vaults:5)
  4 quokkas
  6 bats
  4 frilled lizards
  A frilled lizard skeleton (Crypt:3)
  A jackal zombie (D:5)
  17 kobolds
  A leopard gecko skeleton (D:4)
  A leopard gecko zombie (D:6)
  A quokka skeleton (D:6)
  7 rats
  A spectral orc (D:5)
  A bush (D:9)
  4 crawling corpses
  5 fungi
  18 plants
2765 creatures vanquished.

Vanquished Creatures (collateral kills)
  A faun (Shoals:1)
1 creature vanquished.

Vanquished Creatures (others)
  A fire giant (Depths:1)
  A two-headed ogre (Orc:1)
  A merfolk avatar (Shoals:2)
  A merfolk aquamancer (Shoals:4)
  An ogre mage (D:14)
  A deep elf knight (Vaults:3)
  A deep elf mage (Elf:3)
  A wizard (Vaults:1)
  An orb spider (Spider:3)
  A wolf spider (Spider:3)
  A water nymph (Shoals:1)
  A merfolk siren (Shoals:4)
  A komodo dragon (Lair:6)
  A jumping spider (Spider:3)
  A redback (Spider:3)
  A wyvern (Lair:6)
  4 orc warriors
  An ogre (Vaults:4)
  2 boggarts (Depths:4)
  Blork the orc (D:6)
  A killer bee (D:13)
  An orc wizard (D:11)
  3 orcs
  A bat (Depths:1)
  A butterfly (Lair:2)
  10 fungi
  18 plants
59 creatures vanquished.

Grand Total: 2825 creatures vanquished

Notes
Turn   | Place    | Note
-------+----------+-------------------------------------------
     0 | D:1      | daodarkstar the Gargoyle Fighter began the quest for the
                  | Orb.
     0 | D:1      | Reached XP level 1. HP: 14/14 MP: 1/1
    36 | D:1      | Reached skill level 2 in Axes
    40 | D:1      | Reached XP level 2. HP: 10/19 MP: 2/2
   377 | D:1      | Reached XP level 3. HP: 16/23 MP: 0/3
  1101 | D:2      | Reached XP level 4. HP: 29/29 MP: 4/4
  1387 | D:3      | Reached skill level 3 in Axes
  1505 | D:3      | Reached XP level 5. HP: 29/33 MP: 5/5
  2289 | D:4      | Reached XP level 6. HP: 30/39 MP: 4/6
  2342 | D:4      | Reached skill level 4 in Axes
  2502 | D:4      | Found a shattered altar of Ashenzari.
  2560 | D:4      | Reached XP level 7. HP: 44/44 MP: 3/7
  2825 | D:4      | Reached skill level 5 in Fighting
  2825 | D:4      | Reached skill level 5 in Armour
  3059 | D:4      | Reached skill level 5 in Shields
  3073 | D:5      | Entered Level 5 of the Dungeon
  3134 | D:5      | Reached skill level 5 in Axes
  3366 | D:5      | Reached XP level 8. HP: 49/49 MP: 8/8
  3728 | D:5      | Found a hazy altar of Hepliaklqana.
  3742 | D:5      | Found a basalt altar of Yredelemnul.
  3988 | D:6      | Noticed Blork the orc
  3994 | D:6      | Reached skill level 6 in Axes
  4002 | D:6      | Killed Blork the orc
  4051 | D:6      | Noticed Sigmund
  4079 | D:6      | Killed Sigmund
  4219 | D:6      | Reached XP level 9. HP: 24/56 MP: 7/9
  4684 | D:6      | Reached skill level 7 in Axes
  4766 | D:6      | Noticed Menkaure
  4772 | D:6      | Killed Menkaure
  5312 | D:7      | Noticed Joseph
  5335 | D:7      | Killed Joseph
  5535 | D:7      | Found a staircase to the Ecumenical Temple.
  5545 | Temple   | Entered the Ecumenical Temple
  5642 | Temple   | Became a worshipper of Warmaster Okawaru
  5863 | D:8      | Found a hide-covered altar of Uskayaw.
  5893 | D:8      | Noticed Maurice
  5927 | D:8      | Paralysed by Maurice for 2 turns
  5941 | D:8      | Paralysed by something for 4 turns
  5946 | D:8      | Paralysed by something for 2 turns
  6392 | D:8      | Paralysed by something for 6 turns
  6401 | D:8      | Paralysed by Maurice for 2 turns
  6405 | D:8      | Killed Maurice
  6405 | D:8      | Reached skill level 8 in Axes
  6405 | D:8      | Reached skill level 1 in Dodging
  6405 | D:8      | Reached skill level 1 in Invocations
  6405 | D:8      | Reached XP level 10. HP: 61/63 MP: 9/11
  6443 | D:8      | Found a staircase to the Lair.
  6583 | D:9      | Found an opulent altar of Gozag.
  6583 | D:9      | Noticed a two-headed ogre
  6593 | D:9      | Killed a two-headed ogre
  6593 | D:9      | Reached * piety under Okawaru
  6629 | D:9      | Noticed a centaur warrior
  6826 | D:9      | Reached skill level 1 in Evocations
  7031 | D:9      | Reached ** piety under Okawaru
  7127 | D:9      | Found an ancient bone altar of Kikubaaqudgha.
  7130 | D:9      | Found an opulent altar of Gozag.
  7242 | D:9      | Found a sparkling altar of Nemelex Xobeh.
  7328 | D:9      | Found a blossoming altar of Fedhas.
  7350 | D:9      | Noticed an oklob plant
  7406 | D:9      | Killed an oklob plant
  7406 | D:9      | Reached skill level 9 in Axes
  7728 | D:9      | Found a white marble altar of Elyvilon.
  7915 | D:10     | Entered Level 10 of the Dungeon
  7927 | D:10     | Reached *** piety under Okawaru
  7942 | D:10     | Reached XP level 11. HP: 68/68 MP: 13/13
  8045 | D:10     | Found a staircase to the Orcish Mines.
  8208 | D:10     | Got a coiled copper amulet
  8959 | D:11     | Noticed a red ugly thing
  8972 | D:11     | Killed a red ugly thing
  9208 | D:11     | Reached **** piety under Okawaru
  9277 | D:11     | Identified the amulet "Fiexofouva" {Spirit Str+8} (You
                  | found it on level 10 of the Dungeon)
  9291 | D:11     | Gained mutation: You are clumsy. (Dex -2) [potion of
                  | mutation]
  9291 | D:11     | Gained mutation: Your spells are a little harder to cast,
                  | but a little more powerful. [potion of mutation]
  9574 | D:11     | Noticed a cyan ugly thing
  9603 | D:11     | Killed a cyan ugly thing
  9695 | D:11     | Noticed a two-headed ogre
  9705 | D:11     | Killed a two-headed ogre
  9745 | D:11     | Reached ***** piety under Okawaru
  9792 | D:11     | You fall into a shaft and drop 3 floors!
  9843 | D:13     | Reached skill level 10 in Axes
  9908 | D:12     | Reached skill level 5 in Invocations
  9954 | D:12     | Received a gift from Okawaru
 10154 | D:12     | Noticed a white ugly thing
 10167 | D:12     | Killed a white ugly thing
 10186 | D:12     | Reached XP level 12. HP: 54/76 MP: 9/15
 10204 | D:12     | Found a frozen archway.
 10235 | IceCv    | Entered an ice cave
 10812 | IceCv    | Noticed a frost giant
 10832 | IceCv    | Killed a frost giant
 11559 | D:12     | Reached skill level 11 in Axes
 11616 | D:12     | Received a gift from Okawaru
 11670 | D:12     | Noticed a two-headed ogre
 11679 | D:12     | Killed a two-headed ogre
 11679 | D:12     | Reached ****** piety under Okawaru
 11679 | D:12     | Reached skill level 5 in Dodging
 11679 | D:12     | Reached skill level 5 in Evocations
 11679 | D:12     | Reached XP level 13. HP: 40/82 MP: 14/17
 11909 | D:12     | Reached skill level 10 in Fighting
 12356 | D:13     | Noticed Urug
 12372 | D:13     | Reached skill level 10 in Shields
 12378 | D:13     | Killed Urug
 12378 | D:13     | Reached skill level 10 in Armour
 12853 | D:13     | Noticed a vault guard
 12859 | D:13     | Noticed a vault guard
 12877 | D:13     | Killed a vault guard
 12885 | D:13     | Killed a vault guard
 13055 | D:13     | Found a gate to the Vaults.
 13554 | Orc:1    | Entered Level 1 of the Orcish Mines
 13554 | Orc:1    | Noticed an ogre mage
 13688 | D:10     | Received a gift from Okawaru
 13688 | D:10     | Reached skill level 12 in Axes
 14058 | D:10     | Killed an ogre mage
 14058 | D:10     | Gained mutation: Your large and strong wings let you fly
                  | indefinitely. [Gargoyle growth]
 14058 | D:10     | Reached XP level 14. HP: 88/88 MP: 19/19
 14064 | D:10     | Paralysed by an orc sorcerer for 5 turns
 14486 | Orc:1    | Noticed an orc warlord
 14530 | Orc:1    | Killed an orc warlord
 14919 | Orc:1    | Noticed Sonja
 15327 | Orc:1    | Killed Sonja
 15415 | Orc:1    | Noticed Erica
 15444 | Orc:1    | Paralysed by something for 7 turns
 15455 | Orc:1    | Killed Erica
 15541 | Orc:2    | Entered Level 2 of the Orcish Mines
 15547 | Orc:2    | Noticed an orc warlord
 15612 | Orc:1    | Killed an orc warlord
 16001 | Orc:2    | Received a gift from Okawaru
 16008 | Orc:2    | Got a faintly glowing plate armour {god gift}
 16051 | Orc:2    | Paralysed by an ogre mage for 3 turns
 16057 | Orc:2    | Paralysed by an ogre mage for 3 turns
 16123 | Orc:1    | Identified the +4 plate armour "Paipn" {Str+4} (Okawaru
                  | gifted it to you on level 2 of the Orcish Mines)
 16162 | Orc:2    | Found Jijiwk's Gadget Emporium.
 16162 | Orc:2    | Found Rueme's Antique Armour Shop.
 16163 | Orc:2    | Found Abien's Book Boutique.
 16163 | Orc:2    | Found Yrikief's Antique Armour Emporium.
 16251 | Orc:2    | Found a staircase to the Elven Halls.
 16455 | Orc:2    | Found a roughly hewn altar of Beogh.
 16566 | Orc:2    | Reached skill level 13 in Axes
 16566 | Orc:2    | Reached XP level 15. HP: 95/95 MP: 21/21
 16671 | Orc:2    | Noticed an orc warlord
 16689 | Orc:2    | Killed an orc warlord
 17147 | Orc:2    | Found a roughly hewn altar of Beogh.
 17376 | Lair:1   | Entered Level 1 of the Lair of Beasts
 17878 | Lair:1   | Received a gift from Okawaru
 18337 | Lair:2   | Found a hole to the Spider Nest.
 18495 | Lair:2   | Lost mutation: Your spells are a little harder to cast, but
                  | a little more powerful. [potion of mutation]
 18495 | Lair:2   | Lost mutation: You are clumsy. (Dex -2) [potion of
                  | mutation]
 18495 | Lair:2   | Gained mutation: You are occasionally teleported next to
                  | monsters. [potion of mutation]
 18495 | Lair:2   | Gained mutation: You passively map a small area around you.
                  | [potion of mutation]
 18495 | Lair:2   | Gained mutation: You are weak. (Str -2) [potion of
                  | mutation]
 18495 | Lair:2   | Gained mutation: You are resistant to hostile enchantments.
                  | (MR+) [potion of mutation]
 19239 | Orc:2    | Bought a wand of digging (2) for 156 gold pieces
 20840 | Lair:4   | Found a staircase to the Shoals.
 20903 | Lair:4   | Found a shattered altar of Ashenzari.
 20937 | Lair:4   | Received a gift from Okawaru
 21199 | Lair:4   | Noticed Kirke
 21216 | Lair:4   | Killed Kirke
 22391 | Lair:5   | Got a twitching silver ring
 22393 | Lair:5   | Identified the ring "Xughirr" {rC+ MR+ Str+4 Stlth+} (You
                  | found it on level 5 of the Lair of Beasts)
 22410 | Lair:5   | You fall into a shaft and drop 1 floor!
 22410 | Lair:6   | Entered Level 6 of the Lair of Beasts
 22423 | Lair:6   | Reached XP level 16. HP: 101/101 MP: 23/23
 22463 | Lair:6   | Reached skill level 10 in Invocations
 23191 | Lair:6   | Reached skill level 14 in Axes
 23440 | Lair:6   | Found a viscous altar of Jiyva.
 23440 | Lair:6   | Found a staircase to the Slime Pits.
 24249 | Lair:6   | Noticed Josephine
 24265 | Lair:6   | Killed Josephine
 25052 | Lair:6   | Found a large runed translucent door.
 25052 | Lair:6   | Found a large runed translucent door.
 25241 | Lair:6   | Received a gift from Okawaru
 25364 | Lair:6   | Identified a scroll of acquirement
 25365 | Lair:6   | Identified the ring "Qatogips" {Wiz rF+++} (You acquired it
                  | on level 6 of the Lair of Beasts)
 25842 | Shoals:1 | Entered Level 1 of the Shoals
 25914 | Shoals:1 | Noticed Nikola
 25924 | Shoals:1 | Noticed Ditekul's ghost (adept GrFi)
 25973 | Shoals:1 | Found a runed translucent gate.
 25974 | Shoals:1 | Found a runed translucent gate.
 25975 | Shoals:1 | Found a runed translucent gate.
 26133 | Shoals:1 | Killed Nikola
 26502 | Shoals:1 | Lost mutation: You are weak. (Str -2) [potion of mutation]
 26502 | Shoals:1 | Lost mutation: You are resistant to hostile enchantments.
                  | (MR+) [potion of mutation]
 26502 | Shoals:1 | Lost mutation: You passively map a small area around you.
                  | [potion of mutation]
 26502 | Shoals:1 | Gained mutation: You are agile. (Dex +2) [potion of
                  | mutation]
 26502 | Shoals:1 | Gained mutation: You possess an exceptional clarity of
                  | mind. [potion of mutation]
 26502 | Shoals:1 | Gained mutation: You have a pair of small horns on your
                  | head. [potion of mutation]
 27534 | Shoals:2 | Received a gift from Okawaru
 27625 | Shoals:2 | Got an encrusted morningstar
 27802 | Shoals:2 | Reached XP level 17. HP: 73/108 MP: 19/25
 28948 | Shoals:4 | Entered Level 4 of the Shoals
 29018 | Shoals:4 | Identified the cursed +2 morningstar "Xudd" {vorpal, rElec
                  | rF+} (You found it on level 2 of the Shoals)
 29892 | Shoals:4 | Received a gift from Okawaru
 29892 | Shoals:4 | Reached skill level 15 in Axes
 30265 | Shoals:4 | Got a barnacled rune of Zot
 30428 | Spider:1 | Entered Level 1 of the Spider Nest
 30532 | Spider:1 | Received a gift from Okawaru
 30544 | Spider:1 | Got a heavily runed hat {god gift}
 30550 | Spider:1 | Identified the +1 hat "Dalluy" {Int+6} (Okawaru gifted it
                  | to you on level 1 of the Spider Nest)
 31272 | Spider:2 | Reached XP level 18. HP: 113/114 MP: 24/26
 31491 | Spider:2 | You fall into a shaft and drop 1 floor!
 32690 | Spider:3 | Received a gift from Okawaru
 33001 | Spider:4 | Entered Level 4 of the Spider Nest
 33013 | Spider:4 | Reached skill level 10 in Evocations
 33689 | Spider:4 | Noticed Arachne
 33705 | Spider:3 | Received a gift from Okawaru
 33708 | Spider:3 | Got a translucent cloak {god gift}
 33719 | Spider:3 | Identified the +0 cloak of Xidghynu {rC+ MR++ Dex+2}
                  | (Okawaru gifted it to you on level 3 of the Spider Nest)
 33936 | Spider:4 | Killed Arachne
 34182 | Spider:4 | Reached skill level 16 in Axes
 34400 | Spider:4 | Got a gossamer rune of Zot
 34812 | Elf:1    | Entered Level 1 of the Elven Halls
 34879 | Elf:1    | Reached XP level 19. HP: 116/120 MP: 28/28
 35437 | Elf:1    | Received a gift from Okawaru
 35683 | Elf:1    | Reached skill level 10 in Dodging
 35847 | Elf:2    | Found Jusee's Antique Armour Shop.
 36078 | Elf:2    | Found a runed translucent gate.
 36078 | Elf:2    | Found a runed translucent gate.
 36078 | Elf:2    | Found a runed translucent gate.
 36780 | Elf:3    | Entered Level 3 of the Elven Halls
 36828 | Elf:3    | Noticed an Ice Fiend
 36898 | Elf:3    | Noticed a Tzitzimitl
 37078 | Elf:3    | Reached XP level 20. HP: 123/128 MP: 29/29
 37443 | Elf:3    | Found a shimmering blue altar of Sif Muna.
 37473 | Elf:3    | Received a gift from Okawaru
 37480 | Elf:3    | Identified a +2 pair of boots of running (Okawaru gifted it
                  | to you on level 3 of the Elven Halls)
 37535 | Elf:3    | Identified the +3 morningstar of Destiny {freeze, Str+6}
 37762 | Elf:3    | Identified the ring "Ihuefucu" {Str+7 Slay+2 SInv Stlth+}
 37763 | Elf:3    | Identified the cursed ring "Utynug Lezi" {*Slow rN+ Int+9
                  | Dex-3 Slay+3}
 37765 | Elf:3    | Noticed a Brimstone Fiend
 37781 | Elf:3    | Identified the +2 plate armour "Yvyguif" {rN+ Int+4 Stlth+}
 37811 | Elf:3    | Reached skill level 17 in Axes
 38090 | Elf:3    | Identified the Incunabulum of Assistive Enchantment
 38509 | Vaults:1 | Entered Level 1 of the Vaults
 38509 | Vaults:1 | Found Heineuv's Antique Armour Boutique.
 38537 | Vaults:1 | Bought a pair of runed gloves for 232 gold pieces
 39032 | Vaults:1 | Found Udaejar's Food Shop.
 39084 | Vaults:1 | Received a gift from Okawaru
 39105 | Vaults:1 | Got a pair of spiked boots {god gift}
 39116 | Vaults:1 | Identified the +1 pair of boots of the Iron Devil {MR+
                  | rCorr} (Okawaru gifted it to you on level 1 of the Vaults)
 39467 | Vaults:1 | Reached skill level 15 in Fighting
 39493 | Vaults:1 | Reached skill level 15 in Armour
 40245 | Vaults:2 | Found Daocseatro's Food Emporium.
 40391 | Vaults:2 | Reached skill level 15 in Shields
 40398 | Vaults:2 | Reached XP level 21. HP: 93/134 MP: 21/31
 40784 | Vaults:2 | Got a pitted kite shield
 40785 | Vaults:2 | Identified the +0 kite shield of Integrity {*Contam rCorr
                  | Int+3 Dex+4} (You found it on level 2 of the Vaults)
 40835 | Vaults:2 | Received a gift from Okawaru
 41252 | Vaults:2 | Noticed a bone dragon
 41252 | Vaults:2 | Noticed Mennas
 41301 | Vaults:2 | Killed Mennas
 41301 | Vaults:2 | Received a gift from Okawaru
 41322 | Vaults:2 | Killed a bone dragon
 41348 | Vaults:2 | Found a staircase to the Crypt.
 41784 | Slime:1  | Entered Level 1 of the Pits of Slime
 42472 | Slime:2  | Reached skill level 18 in Axes
 43246 | Slime:4  | Lost mutation: You are agile. (Dex +2) [a shining eye]
 43300 | Slime:4  | Received a gift from Okawaru
 43668 | Slime:4  | Reached XP level 22. HP: 43/141 MP: 11/32
 44225 | Slime:5  | Entered Level 5 of the Pits of Slime
 44360 | Slime:5  | Noticed the Royal Jelly
 44373 | Slime:5  | Gained mutation: You are dopey. (Int -2) [a shining eye]
 44377 | Slime:5  | Gained mutation: You occasionally shout uncontrollably at
                  | your foes. [a shining eye]
 44380 | Slime:5  | Gained mutation: You do not regenerate when monsters are
                  | visible. [a shining eye]
 44606 | Slime:5  | Killed the Royal Jelly
 44606 | Slime:5  | Received a gift from Okawaru
 44653 | Slime:5  | Got an ichor-stained war axe {god gift}
 44700 | Slime:5  | Found the +3 salamander hide armour {+Rage rF++}
 44994 | Slime:5  | Identified the +2 war axe of Due Proportion {antimagic, rN+
                  | Dex+3 SInv Stlth+} (Okawaru gifted it to you on level 5 of
                  | the Pits of Slime)
 45070 | Slime:5  | Got a translucent pewter ring
 45071 | Slime:5  | Identified the ring "Tooxut" {rC+ AC+2 Str+4} (You found it
                  | on level 5 of the Pits of Slime)
 45104 | Slime:5  | Got an ivory shortbow
 45105 | Slime:5  | Identified the +2 shortbow of Crusades {vorpal, *Corrode
                  | rN+ Str+3 Int+2} (You found it on level 5 of the Pits of
                  | Slime)
 45164 | Slime:5  | Got a slimy rune of Zot
 46291 | D:14     | Identified Qaetyun's Tome of the Unholy Snowflakes
 46458 | D:14     | Identified Daobeexa's Guide on Supportive Protection
 46710 | D:15     | Entered Level 15 of the Dungeon
 46852 | D:15     | Found a staircase to the Depths.
 46880 | D:15     | Received a gift from Okawaru
 46906 | D:15     | Got a bloodstained war axe {god gift}
 46907 | D:15     | Identified the +8 war axe of Rasumnont {vorpal, rC+ rN++}
                  | (Okawaru gifted it to you on level 15 of the Dungeon)
 47004 | D:15     | Noticed Rupert
 47010 | D:15     | Killed Rupert
 47886 | Vaults:3 | Reached XP level 23. HP: 143/147 MP: 34/34
 48121 | Vaults:3 | Reached skill level 15 in Invocations
 48206 | Vaults:3 | Received a gift from Okawaru
 48209 | Vaults:3 | Noticed Margery
 48216 | Vaults:3 | Reached skill level 19 in Axes
 48218 | Vaults:3 | Received a gift from Okawaru
 48245 | Vaults:3 | Killed Margery
 48246 | Vaults:3 | Noticed Jory
 48260 | Vaults:3 | Killed Jory
 48684 | Vaults:3 | Noticed Boris
 48698 | Vaults:3 | Killed Boris
 48728 | Vaults:3 | Found the +7 great mace "Firestarter" {inner flame, rF++}
 48820 | Vaults:3 | Found Mibbyvov's Antique Armour Boutique.
 48932 | Vaults:3 | Received a gift from Okawaru
 49466 | Vaults:4 | Lost mutation: You possess an exceptional clarity of mind.
                  | [potion of mutation]
 49466 | Vaults:4 | Lost mutation: You occasionally shout uncontrollably at
                  | your foes. [potion of mutation]
 49466 | Vaults:4 | Lost mutation: You are dopey. (Int -2) [potion of mutation]
 49466 | Vaults:4 | Lost mutation: You do not regenerate when monsters are
                  | visible. [potion of mutation]
 49466 | Vaults:4 | Gained mutation: Your muscles are strong. (Str +2) [potion
                  | of mutation]
 49466 | Vaults:4 | Gained mutation: You have sharp toenails. [potion of
                  | mutation]
 49466 | Vaults:4 | Gained mutation: Your natural rate of healing is unusually
                  | fast. [potion of mutation]
 49467 | Vaults:4 | Lost mutation: Your natural rate of healing is unusually
                  | fast. [potion of mutation]
 49467 | Vaults:4 | Lost mutation: You have sharp toenails. [potion of
                  | mutation]
 49467 | Vaults:4 | Lost mutation: You have a pair of small horns on your head.
                  | [potion of mutation]
 49467 | Vaults:4 | Gained mutation: You have a pair of small horns on your
                  | head. [potion of mutation]
 49467 | Vaults:4 | Gained mutation: You are clumsy. (Dex -2) [potion of
                  | mutation]
 49467 | Vaults:4 | Gained mutation: You have a pair of horns on your head.
                  | [potion of mutation]
 49754 | Vaults:4 | Reached XP level 24. HP: 153/154 MP: 34/34
 50398 | Vaults:4 | Received a gift from Okawaru
 50627 | Vaults:5 | Entered Level 5 of the Vaults
 50911 | Vaults:5 | Identified the +3 broad axe "Suge" {vamp, rPois MP+9 Str+6
                  | Int-3} (You acquired it on level 5 of the Vaults)
 51044 | Vaults:5 | Found the +8 demon trident "Rift" {distort, reach+}
 51084 | Vaults:5 | Noticed an ancient lich
 51098 | Vaults:5 | Killed an ancient lich
 51098 | Vaults:5 | Received a gift from Okawaru
 51098 | Vaults:5 | Reached skill level 20 in Axes
 51456 | Vaults:5 | Reached XP level 25. HP: 133/160 MP: 33/35
 51467 | Vaults:5 | Got a fine hat {god gift}
 51478 | Vaults:5 | Identified the +0 hat of Sloth {rPois rF+ rC- Int+3}
                  | (Okawaru gifted it to you on level 5 of the Vaults)
 51763 | Vaults:5 | Identified the +6 flail "Puggozew" {vorpal, rC+}
 51918 | Vaults:5 | Received a gift from Okawaru
 52343 | Vaults:5 | Got a silver rune of Zot
 52416 | Vaults:5 | Identified the Collected Works on Boosts
 52777 | Crypt:1  | Entered Level 1 of the Crypt
 53612 | Crypt:2  | Received a gift from Okawaru
 54217 | Crypt:3  | Entered Level 3 of the Crypt
 54228 | Crypt:3  | Found a staircase to the Tomb.
 54256 | Crypt:3  | Found an ancient bone altar of Kikubaaqudgha.
 54496 | Crypt:3  | Reached XP level 26. HP: 149/168 MP: 35/35
 55168 | Depths:1 | Entered Level 1 of the Depths
 55546 | Depths:1 | Found Peicvi's General Store.
 55640 | Depths:1 | Received a gift from Okawaru
 55660 | Depths:1 | Found a gateway to Hell.
 55736 | Depths:1 | Reached skill level 21 in Axes
 56072 | Depths:1 | Found a shimmering altar of Xom.
 56470 | Depths:2 | Paralysed by a floating eye for 4 turns
 56482 | Depths:2 | Noticed Sojobo
 56499 | Depths:2 | Killed Sojobo
 56507 | Depths:2 | Got a translucent jade ring
 56512 | Depths:2 | Identified the ring "Forghyph" {+Inv +Fly rElec rN++ Str-3}
                  | (You found it on level 2 of the Depths)
 56566 | Depths:2 | Paralysed by a floating eye for 4 turns
 56634 | Depths:2 | Got a flickering wooden ring
 56635 | Depths:2 | Identified the ring "Hamitut" {MR+ Str+4 SInv Stlth+} (You
                  | found it on level 2 of the Depths)
 56647 | Depths:2 | Paralysed by a floating eye for 3 turns
 56766 | Depths:2 | Paralysed by a floating eye for 2 turns
 56806 | Depths:2 | Found a one-way gate leading to the halls of Pandemonium.
 56887 | Depths:2 | Got a wavering gossamer ring
 56888 | Depths:2 | Identified the ring "Ytusaifi" {rPois rC++ Str+2 Int+3}
                  | (You found it on level 2 of the Depths)
 56921 | Depths:2 | Got a steaming trident
 56925 | Depths:2 | Identified the +3 trident of the Soothsayer {venom, Str+2
                  | Dex+2 Stlth+} (You found it on level 2 of the Depths)
 56965 | Depths:2 | Found a bloodstained altar of Trog.
 57169 | Depths:2 | Got a glittering jade ring
 57170 | Depths:2 | Identified the ring of Moirph {rElec rF+ rC+ Stlth-} (You
                  | found it on level 2 of the Depths)
 57355 | Depths:3 | Noticed Asterion
 57360 | Depths:3 | Killed Asterion
 57362 | Depths:3 | Found a one-way gate to the infinite horrors of the Abyss.
 57388 | Depths:3 | Noticed Aizul
 57397 | Depths:3 | Killed Aizul
 57410 | Depths:3 | Received a gift from Okawaru
 57456 | Depths:3 | Noticed a juggernaut
 57464 | Depths:3 | Killed a juggernaut
 57464 | Depths:3 | Reached XP level 27. HP: 175/175 MP: 35/35
 57793 | Depths:3 | Reached skill level 15 in Evocations
 57829 | Depths:3 | Found the +6 Majin-Bo {vamp, Archmagi MP+6 Int+6}
 58061 | Depths:3 | Found Loze Fea's Jewellery Shop.
 58062 | Depths:3 | Found Ethruatz's Gadget Emporium.
 58076 | Depths:3 | Found Efomed's Jewellery Shop.
 58299 | Depths:3 | Noticed Bai Suzhen
 58319 | Depths:3 | Killed Bai Suzhen
 58588 | Depths:4 | Found a gateway to a ziggurat.
 58795 | Depths:4 | Received a gift from Okawaru
 58914 | Depths:4 | Found a shimmering blue altar of Sif Muna.
 58969 | Depths:4 | Noticed Boris
 58982 | Depths:4 | Killed Boris
 59527 | Depths:4 | Received a gift from Okawaru
 60041 | Depths:5 | Entered Level 5 of the Depths
 60132 | Depths:5 | Reached skill level 22 in Axes
 60161 | Depths:5 | Found a magical portal.
 60409 | WizLab   | Found the +9 staff of Wucad Mu {channel}
 60620 | Depths:5 | Noticed Boris
 60632 | Depths:5 | Killed Boris
 61075 | Depths:5 | Found a gate to the Realm of Zot.
 62432 | Tomb:1   | Entered Level 1 of the Tomb of the Ancients
 62835 | Tomb:1   | Noticed a greater mummy
 62857 | Tomb:1   | Killed a greater mummy
 62857 | Tomb:1   | Received a gift from Okawaru
 62866 | Tomb:1   | Noticed a greater mummy
 62889 | Tomb:1   | Killed a greater mummy
 62950 | Tomb:1   | Noticed a greater mummy
 62952 | Tomb:1   | Noticed a greater mummy
 62953 | Tomb:1   | Noticed a greater mummy
 62953 | Tomb:1   | Noticed a greater mummy
 63460 | Tomb:1   | Noticed a greater mummy
 63484 | Tomb:1   | Killed a greater mummy
 63897 | Tomb:2   | Noticed a greater mummy
 63898 | Tomb:2   | Noticed a greater mummy
 63899 | Tomb:2   | Noticed a greater mummy
 63899 | Tomb:2   | Noticed a greater mummy
 63908 | Tomb:2   | Noticed a greater mummy
 63922 | Tomb:2   | Killed a greater mummy
 64017 | Tomb:2   | Received a gift from Okawaru
 64066 | Tomb:2   | Got a pair of smoking boots {god gift}
 64067 | Tomb:2   | Identified the +0 pair of boots of Okawaru's Envy {rF+++
                  | rC- Str-3 Stlth+} (Okawaru gifted it to you on level 2 of
                  | the Tomb of the Ancients)
 64763 | Tomb:2   | Killed a greater mummy
 64797 | Tomb:2   | Killed a greater mummy
 64824 | Tomb:2   | Noticed Mara
 64845 | Tomb:2   | Killed a greater mummy
 64854 | Tomb:2   | Noticed daodarkstar's illusion
 64857 | Tomb:2   | Noticed daodarkstar's illusion
 64951 | Tomb:2   | Gained mutation: You tend to lose your temper in combat.
                  | [mutagenic glow]
 64977 | Tomb:2   | Noticed daodarkstar's illusion
 64984 | Tomb:2   | HP: 5/177 [daodarkstar's illusion (illusionary)[Mara] (12)]
 64984 | Tomb:2   | Killed from afar by a mummy priest

Levels and vault maps discovered:
D:1:      lemuel_arrival_behind_the_door_small, layout_rooms,
          serial_corexii_hall, chequers_hall_statues_y, corexii_hall_statues_s,
          eino_curves_03, hangedman_glass_teeth, chequers_mini_garden
D:2:      layout_loops_ring, first_ration
D:3:      minmay_bubble_buster, layout_basic
D:4:      minmay_chambers_of_twos, layout_basic, kennysheep_mini_moat
D:5:      layout_loops_ring, lemuel_crystal_altar,
          yredelemnul_forgotten_temple_becter
D:6:      layout_basic, serial_rivers, chequers_serial_rivers_marsh,
          chequers_serial_rivers_micro_c, chequers_serial_rivers_room_a,
          chequers_serial_rivers_room_b, chequers_serial_rivers_room_b,
          uniq_sigmund, uniq_blork_the_orc, uniq_menkaure
D:7:      layout_loops_ring, temple_hall, uniq_joseph
D:8:      layout_cave_pools, kennysheep_little_box, dpeg_oklobed_lair,
          chequers_serial_rivers_micro_c, uniq_maurice
D:9:      layout_big_octagon, tgw_fedhas, lemuel_coloured_pillars_altar,
          lemuel_doored_altar, minitemple, serial_gnoll_camp,
          gnoll_camp_medium_01, gnoll_camp_mini_sergeant, gnoll_camp_mini_basic,
          gnoll_camp_mini_hut, basic_altar, minivault_12
D:10:     layout_basic, david_orc_2, hangedman_little_slice_of_home
D:11:     layout_roguey, st_stairs_9
D:12:     layout_loops_cross, portal_ice_cave_entry_pillars_1, minmay_circle_x
D:13:     layout_rooms, grunt_vaults_entry_tiered, uniq_urug
D:14:     minmay_the_grid_square_5x5_4x4 [minmay_the_grid_square_5x5_spiral,
          minmay_the_grid_square_5x5_mess, minmay_the_grid_square_5x5_six_small,
          minmay_the_grid_square_5x5_trominoes,
          minmay_the_grid_square_5x5_misaligned,
          minmay_the_grid_square_5x5_prize_snowflake,
          minmay_the_grid_square_5x5_prize_waves,
          minmay_the_grid_square_5x5_minimal, minmay_the_grid_square_5x5_two,
          minmay_the_grid_square_5x5_prize_pseudospiral,
          minmay_the_grid_square_5x5_prize_deathbox,
          minmay_the_grid_square_5x5_three_walls,
          minmay_the_grid_square_5x5_detours, minmay_the_grid_square_5x5_fat_x,
          minmay_the_grid_square_5x5_checkered_statues,
          minmay_the_grid_square_5x5_tetrominoes], layout_small_grid,
          nrook_campfire
D:15:     hangedman_depths_entry_civil_slaughter, layout_long_grid,
          chequers_avenue, uniq_rupert
Temple:   nicolae_temple_figure_eight
Lair:1:   layout_cave_pods, infiniplex_staircase_pool, grunt_megastairs_2
Lair:2:   layout_roguey, nicolae_spider_entry_orb_guardian,
          serial_bayou_shore_b, lemuel_fruit_fields
Lair:3:   layout_roguey, st_stairs_13
Lair:4:   layout_regular_city, elwin_shoals_entry_stream, basic_altar,
          minivault_11, lemuel_fruit_fields, uniq_kirke
Lair:5:   nzn_motion_control, layout_small_grid, worms_lemuel,
          grunt_megastairs_4
Lair:6:   cheibrodos_lair_end_hotspot, layout_cave_pods,
          dpeg_slime_entry_enclosed_altar, grunt_forest_large_clearing_hut,
          minmay_lair_oklob_chamber, uniq_josephine
Shoals:1: layout_shoals, gammafunk_ghost_split, uniq_nikola
Shoals:2: layout_shoals, st_sunken_temple
Shoals:3: layout_shoals, abandoned_shop
Shoals:4: shoals_end_grunt_ice, layout_shoals, ldierk_geyser
Spider:1: layout_spider_delve, drop_trap
Spider:2: layout_chambers, special_room [special_room_bee]
Spider:3: lemuel_spider_zombies, drop_trap
Spider:4: grunt_spider_rune_parallel, uniq_arachne
Slime:1:  layout_caves, cheibrodos_slime_lost_civilization_4
Slime:2:  layout_caves
Slime:3:  layout_caves
Slime:4:  layout_caves, nicolae_slime_welcoming_committee
Slime:5
Orc:1:    layout_caves, uniq_sonja, uniq_erica
Orc:2:    st_orc_ogre_mass, layout_caves, basic_altar, minmay_orc_temple_c
Elf:1:    eino_elf_arrival_sip, layout_loops_ring,
          hangedman_elven_crosses_minicolossus, solitary_fountain
Elf:2:    layout_geoelf_diagonals, serial_shops, nicolae_shop_crystal,
          st_stairs_2
Elf:3:    grunt_elf_hall_diamonds, layout_gridlike, basic_altar,
          nicolae_elf_m_pinch
Vaults:1: hangedman_vaults_unwind, v_misc_28, vaults_room_door_hall,
          st_smaller_cells, vaults_room_boxed, vaults_room_grid,
          nicolae_vaults_shelves_hall, nicolae_vaults_ring_of_whatevers,
          ontoclasm_vaults_twist, layout_vaults_omnigrid, serial_shops,
          shop_statue, nicolae_shop_waterfront
Vaults:2: grunt_vaults_funneled_arena, vaults_room_ringed_pool,
          grunt_vaults_diagonal, ontoclasm_vaults_ring_large,
          nicolae_vaults_network_periphery, minmay_crypt_entry_nasty_monster,
          vaults_room_corners, nicolae_vaults_diagonal_hallway_7,
          vaults_room_corners, layout_vaults_omnicross, serial_shops, shop,
          uniq_mennas
Vaults:3: v_rooms_6, nicolae_vaults_windows_and_doors_thing,
          nicolae_vaults_network_square, hangedman_vaults_capsules,
          vaults_dpeg_cross, v_rooms_6, nicolae_vaults_mini_display_case,
          ontoclasm_vaults_decontamination, nicolae_vaults_little_squares_5,
          layout_vaults_big_room, serial_shops, nicolae_shop_overgrown_old_shop,
          uniq_jory, uniq_boris, uniq_margery
Vaults:4: nicolae_vaults_big_ls, grunt_vaults_hallway_short,
          nicolae_vaults_rhombus_6, ontoclasm_vaults_tryst,
          nicolae_vaults_specimen_jars, st_squares, ontoclasm_vaults_ring_large,
          ontoclasm_vaults_claustrophobia, vaults_dpeg_diagonal,
          v_alt_pattern_2, ontoclasm_vaults_chip, vaults_room_octagon,
          layout_vaults_ring
Vaults:5
Crypt:1:  layout_regular_city, grunt_crypt_arrival_split
Crypt:2:  layout_misc_corridors
Crypt:3:  church_of_pain_bobbens, layout_chaotic_city, corner_web_ring,
          st_stairs_9
Tomb:1
Tomb:2:   uniq_mara
Depths:1: minmay_dotted_concentric_squares, layout_basic, pf_coc_iceberg,
          nicolae_two_hexagons, minmay_shop_grid_forest,
          chequers_serial_rivers_micro_c, tgw_xom
Depths:2: hangedman_spin_cycle, hell_entry, pan_entry
Depths:3: minmay_guarded_unrand_majin_bo, layout_gridville, hell_entry,
          hangedman_abyss_entry_splay, serial_bayou, serial_bayou_shore_b,
          serial_bayou_ford_a, serial_bayou_pond_a, serial_bayou_lake_a,
          serial_bayou_pond_c, pan_entry, nrook_pool_corridor,
          infiniplex_staircase_zigzag_1, minmay_shop_grove, uniq_asterion,
          uniq_aizul, uniq_bai_suzhen
Depths:4: minmay_polygon_palace, layout_gridlike, enter_ziggurat_a, hell_entry,
          abyss_entry, lemuel_crystal_altar, hangedman_corner_corridor
Depths:5: evilmike_zot_entry_round, layout_small_grid, abyss_entry_glasseish,
          pan_entry, infiniplex_enter_wizlab_glasses, hell_entry,
          nrook_mini_backslash, chequers_serial_rivers_micro_b

Skill      XL: |  1  2  3  4  5  6  7  8  9 10 11 12 13 14 15 16 17 18 19 20 21 22 23 24 25 26 27 |
---------------+----------------------------------------------------------------------------------+-----
Axes           | 2 3 4 5 6 8 9 10 11 12 13 14 15 16 17 18 19 20 21 22 | 22.5
Fighting       | 4 5 6 7 8 9 10 11 12 13 14 15 16 17 18 19 | 19.6
Armour         | 4 5 6 7 8 9 10 11 12 13 14 15 16 17 18 19 | 19.5
Shields        | 4 5 6 7 8 9 10 11 12 13 14 15 16 17 18 19 | 19.5
Dodging        | 1 2 3 5 6 7 8 9 10 11 12 13 14 | 14.9
Invocations    | 1 3 5 6 7 8 9 10 11 12 13 14 15 16 17 18 | 18.6
Evocations     | 2 3 5 6 7 8 9 10 11 12 13 14 15 | 15.9
Spellcasting   | 9 |  9.4

Action                   |  1- 3 |  4- 6 |  7- 9 | 10-12 | 13-15 | 16-18 | 19-21 | 22-24 | 25-27 || total
-------------------------+-------+-------+-------+-------+-------+-------+-------+-------+-------++-------
Melee: War axe           |   108 |   148 |   476 |   894 |  1206 |  1049 |       |       |       ||  3881
       Eveningstar       |       |       |       |       |     9 |    26 |       |    28 |       ||    63
       Broad axe         |       |       |       |       |     9 |   554 |  1101 |  1045 |  2001 ||  4710
       Headbutt          |       |       |       |       |       |   378 |   350 |   388 |   725 ||  1841
Invok: Heroism           |       |       |       |     3 |     5 |     7 |       |     1 |     5 ||    21
       Finesse           |       |       |       |     2 |     5 |     8 |       |     1 |     6 ||    22
 Abil: Evoke Invisibilit |       |       |       |       |     3 |     4 |       |       |       ||     7
       Fly               |       |       |       |       |       |     1 |       |       |       ||     1
       Stop Flying       |       |       |       |       |       |     1 |       |       |       ||     1
Evoke: Wand              |       |       |       |       |     2 |     5 |       |       |       ||     7
       Sack of spiders   |       |       |       |       |       |     1 |       |       |       ||     1
  Use: Potion            |       |     5 |     6 |    11 |     3 |     5 |       |     2 |    23 ||    55
       Scroll            |       |       |     9 |    11 |     5 |    23 |     8 |    19 |    30 ||   105
 Stab: Invisible         |       |       |       |       |    20 |    13 |       |       |       ||    33
       Petrified         |       |       |       |       |     1 |       |       |       |       ||     1
       Distracted        |       |       |       |       |       |       |       |     1 |     4 ||     5
  Eat: Chunk             |     1 |     5 |     7 |    16 |    30 |    32 |     9 |     8 |    13 ||   121
       Ration            |       |       |     2 |     2 |     2 |     4 |     5 |     6 |    10 ||    31
Armor: Scale mail        |    62 |    92 |   133 |       |       |       |       |       |       ||   287
       Plate armour      |       |       |    60 |   640 |   500 |   888 |   317 |   405 |   817 ||  3627
Dodge: Dodged            |    45 |    66 |   168 |   437 |   405 |   863 |   268 |   346 |   749 ||  3347
Block: Kite shield       |    79 |    97 |   227 |   507 |       |       |       |       |       ||   910
       Tower shield      |       |       |       |   265 |  1223 |  2303 |  1080 |  1299 |  2346 ||  8516

Table legend:
 A = Non-vault XP
 B = Vault XP
 C = Vault XP percentage of total XP
 D = Non-vault monster count
 E = Vault monster count
 F = Vault count percentage of total count
                 A         B        C        D         E       F
            +---------+---------+-------+---------+---------+-------
      Total |  769138 |  801821 |  51.0 |    1733 |    1007 |  36.8
            +---------+---------+-------+---------+---------+-------
        D:1 |      44 |       0 |   0.0 |      22 |       0 |   0.0
        D:2 |      44 |       0 |   0.0 |      13 |       0 |   0.0
        D:3 |      87 |      50 |  36.5 |      14 |      13 |  48.1
        D:4 |     542 |     123 |  18.5 |      36 |       3 |   7.7
        D:5 |     381 |       1 |   0.3 |      18 |       1 |   5.3
        D:6 |    1248 |     414 |  24.9 |      25 |       3 |  10.7
        D:7 |     624 |     475 |  43.2 |      10 |       1 |   9.1
        D:8 |     277 |     469 |  62.9 |      11 |       1 |   8.3
        D:9 |    2841 |    2820 |  49.8 |      30 |      32 |  51.6
       D:10 |   11434 |     178 |   1.5 |      45 |      14 |  23.7
       D:11 |    4940 |     256 |   4.9 |      43 |       2 |   4.4
       D:12 |    6361 |    1657 |  20.7 |      39 |       5 |  11.4
       D:13 |    5220 |    8736 |  62.6 |      33 |      26 |  44.1
       D:14 |    9031 |   13931 |  60.7 |      24 |      28 |  53.8
       D:15 |   24737 |    7590 |  23.5 |      57 |       7 |  10.9
     Lair:1 |    4355 |     262 |   5.7 |      16 |       1 |   5.9
     Lair:2 |    2437 |     556 |  18.6 |      13 |       1 |   7.1
     Lair:3 |    4416 |     586 |  11.7 |      19 |       2 |   9.5
     Lair:4 |    4982 |    4400 |  46.9 |      17 |       8 |  32.0
     Lair:5 |    6165 |    4024 |  39.5 |      24 |      10 |  29.4
     Lair:6 |   13412 |   12761 |  48.8 |      45 |      37 |  45.1
   Shoals:1 |    8395 |    2948 |  26.0 |      17 |       1 |   5.6
   Shoals:2 |   10849 |    7681 |  41.5 |      26 |       9 |  25.7
   Shoals:3 |    6761 |       0 |   0.0 |      16 |       0 |   0.0
   Shoals:4 |   19290 |   18456 |  48.9 |      41 |      28 |  40.6
   Spider:1 |   10315 |       0 |   0.0 |      32 |       0 |   0.0
   Spider:2 |   15191 |    2512 |  14.2 |      43 |      25 |  36.8
   Spider:3 |   21179 |    3520 |  14.3 |      52 |       5 |   8.8
   Spider:4 |   13011 |   19843 |  60.4 |      35 |      41 |  53.9
    Slime:1 |   12152 |       0 |   0.0 |      12 |       0 |   0.0
    Slime:2 |   15163 |       0 |   0.0 |      31 |       0 |   0.0
    Slime:3 |    3636 |       0 |   0.0 |      10 |       0 |   0.0
    Slime:4 |   14909 |     298 |   2.0 |      21 |       7 |  25.0
    Slime:5 |   15433 |   34934 |  69.4 |      28 |      15 |  34.9
      Orc:1 |   10432 |    4596 |  30.6 |      59 |       7 |  10.6
      Orc:2 |    4009 |   16823 |  80.8 |      37 |      63 |  63.0
      Elf:1 |   21942 |   13778 |  38.6 |      37 |      20 |  35.1
      Elf:2 |    8292 |   23415 |  73.8 |      11 |      30 |  73.2
      Elf:3 |   10132 |   36091 |  78.1 |      18 |      24 |  57.1
   Vaults:1 |   32647 |   15693 |  32.5 |      56 |      23 |  29.1
   Vaults:2 |   30611 |   45854 |  60.0 |      48 |      45 |  48.4
   Vaults:3 |   45158 |   37891 |  45.6 |      79 |      45 |  36.3
   Vaults:4 |   57054 |   51653 |  47.5 |      85 |      57 |  40.1
   Vaults:5 |   27130 |  120199 |  81.6 |      33 |      74 |  69.2
    Crypt:1 |   10746 |       0 |   0.0 |      28 |       0 |   0.0
    Crypt:2 |   28759 |       0 |   0.0 |      43 |       0 |   0.0
    Crypt:3 |   19463 |   20405 |  51.2 |      29 |      34 |  54.0
     Tomb:1 |    7300 |   45026 |  86.0 |      26 |      37 |  58.7
     Tomb:2 |   15360 |   55883 |  78.4 |      33 |      52 |  61.2
   Depths:1 |   33938 |   14466 |  29.9 |      48 |      12 |  20.0
   Depths:2 |       0 |   73460 | 100.0 |       0 |      78 | 100.0
   Depths:3 |   52626 |   17326 |  24.8 |      64 |      10 |  13.5
   Depths:4 |   54687 |   27571 |  33.5 |      58 |      21 |  26.6
   Depths:5 |   28990 |   21257 |  42.3 |      23 |      12 |  34.3
      IceCv |       0 |    9781 | 100.0 |       0 |      36 | 100.0
     WizLab |       0 |    1172 | 100.0 |       0 |       1 | 100.0
            +---------+---------+-------+---------+---------+-------
